 Dungeon Crawl Stone Soup version 0.30-a0-135-g630cfc4551 (webtiles) character file.

Game seed: 17326961119740527772

114042 Lugonue the Devastator (level 16, -1/104 HPs)
             Began as a Tengu Fighter on Sept 20, 2022.
             Was a High Priest of Sif Muna.
             Killed by divine providence
             ... invoked by an orc priest
             ... led by an orc knight
              (16 damage)
             ... on level 15 of the Dungeon on Sept 21, 2022.
             The game lasted 01:44:50 (28476 turns).

Lugonue the Devastator (Tengu Fighter)             Turns: 28476, Time: 01:44:50

Health: -1/104     AC: 17    Str: 17    XL:     16   Next: 64%
Magic:  2/35       EV: 28    Int: 15    God:    Sif Muna [*****.]
Gold:   1013       SH: 12    Dex: 21    Spells: 3/44 levels left

rFire   . . .      SeeInvis .    a - staff of conjuration
rCold   . . .      Faith    .    c - +1 buckler
rNeg    . . .      Spirit   .    D - +3 steam dragon scales
rPois   +          Reflect  +    f - +2 hat
rElec   .          Harm     .    m - +1 cloak {rPois}
rCorr   .          Rampage  .    o - +2 pair of gloves
Will    +....                    (boots unavailable)
Stlth   ++........               v - amulet of reflection
HPRegen 0.27/turn                r - +4 ring of evasion
MPRegen 0.24/turn                L - +6 ring of dexterity

@: about to teleport, flying quickly and evasively, very slightly contaminated,
quick
A: beak, talons 3, nimble flight
a: Renounce Religion, Channel Magic, Forget Spell, Divine Exegesis


You were on level 15 of the Dungeon.
You worshipped Sif Muna.
Sif Muna was extremely pleased with you.
You visited 4 branches of the dungeon, and saw 22 of its levels.
You also visited: Gauntlet.

You collected 2083 gold pieces.
You spent 1070 gold pieces at shops.

Inventory:

Hand Weapons
 b - a +2 scimitar of protection
 y - a +1 short sword of freezing
 X - a +2 falchion of holy wrath
Missiles
 H - a throwing net (quivered)
Armour
 c - a +1 buckler (worn)
 e - a +0 kite shield
 f - a +2 hat (worn)
 m - a +1 cloak of poison resistance (worn)
 o - a +2 pair of gloves (worn)
 p - a +1 buckler of protection
 D - +3 steam dragon scales (worn)
 K - a +2 cloak
 W - the +1 pair of gloves of an ice cave {rCorr Int+2 Dex-4}
   (You found it on level 8 of the Dungeon)

   Int:       It affects your intelligence (+2).
   Dex:       It affects your dexterity (-4).
   rCorr:     It protects you from acid and corrosion.
Magical Staves
 a - a staff of conjuration (weapon)
 w - a staff of poison
 F - a staff of air
Jewellery
 g - a ring of fire
 i - a +6 ring of dexterity
 r - a +4 ring of evasion (left hand)
 v - an amulet of reflection (around neck)
 x - a +6 ring of dexterity
 C - a ring of magical power
 E - a ring of magical power
 L - a +6 ring of dexterity (right hand)
 Q - an amulet of guardian spirit
 Y - the ring of Huprada {MP+9 Dex+4}
   (You took it off a tengu conjurer on level 13 of the Dungeon)

   [ring of magical power]

   Dex:       It affects your dexterity (+4).
   MP:        It affects your magic capacity (+9).
Wands
 q - a wand of flame (1)
 B - a wand of polymorph (20)
 J - a wand of light (14)
 O - a wand of mindburst (16)
 Z - a wand of paralysis (8)
Scrolls
 h - 6 scrolls of identify
 l - 3 scrolls of butterflies
 n - 3 scrolls of magic mapping
 I - 2 scrolls of enchant weapon
 R - 2 scrolls of poison
 S - 2 scrolls of enchant armour
Potions
 d - a potion of might
 j - 2 potions of cancellation
 k - a potion of invisibility
 t - a potion of magic
 u - 3 potions of mutation
 z - 2 potions of ambrosia
 A - 3 potions of brilliance
 G - a potion of curing
 N - 2 potions of attraction
 P - a potion of resistance
 V - a potion of haste
Miscellaneous
 M - a lightning rod (4/4)


   Skills:
 - Level 13.0 Fighting
 - Level 10.5 Long Blades
 - Level 7.2 Armour
 - Level 11.0 Dodging
 - Level 6.1 Shields
 * Level 14.5 Spellcasting
 * Level 15.5 Conjurations
 + Level 2.1 Summonings
 * Level 4.7 Air Magic
 * Level 3.1 Invocations


You had 3 spell levels left.
You knew the following spells:

 Your Spells              Type           Power      Damage    Failure   Level
a - Slow                  Hex            40%        N/A       8%          1
b - Call Canine Familiar  Summ           17%        N/A       10%         3
c - Iskenderun's Mystic   Conj/Tloc      50%        2d11      3%          4
d - Sticky Flame          Conj/Fire      50%        2d7       3%          4
e - Orb of Destruction    Conj           36%        9d11      12%         7
f - Mephitic Cloud        Conj/Pois/Air  46%        N/A       1%          3
g - Lightning Bolt        Conj/Air       29%        1d45      3%          5
h - Flame Wave            Conj/Fire      50%        2d12      3%          4
i - Hailstorm             Conj/Ice       50%        3d11      3%          4
j - Conjure Ball Lightni  Conj/Air       29%        3x3d8     19%         6

Your spell library contained the following spells:

 Spells                   Type           Power      Damage    Failure   Level
 Magic Dart               Conj           100%       1d8       0%          1
 Shock                    Conj/Air       100%       1d9       1%          1
 Static Discharge         Conj/Air       100%       2-7/arc   1%          2
 Dazzling Flash           Conj/Hex       100%       N/A       1%          3
 Summon Small Mammal      Summ           68%        N/A       3%          1
 Call Imp                 Summ           17%        N/A       4%          2
 Apportation              Tloc           20%        N/A       8%          1
 Beastly Appendage        Tmut           20%        N/A       8%          1
 Necrotise                Necr           40%        1d6       8%          1
 Ensorcelled Hibernation  Hex/Ice        20%        N/A       12%         2
 Wereblood                Tmut           10%        N/A       12%         2
 Kindle Blastsparks       Fire/Tloc/Air  30%        2d12      12%         3
 Summon Guardian Golem    Hex/Summ       14%        N/A       16%         3
 Confusing Touch          Hex            10%        N/A       24%         3
 Frozen Ramparts          Ice            20%        1d4       24%         3
 Gell's Gravitas          Tloc           10%        N/A       24%         3
 Ignite Poison            Fire/Tmut/Pois 10%        N/A       24%         3
 Lesser Beckoning         Tloc           10%        N/A       24%         3
 Spider Form              Tmut/Pois      10%        N/A       24%         3
 Teleport Other           Tloc           10%        N/A       24%         3
 Vampiric Draining        Necr           10%        2d6       24%         3
 Iskenderun's Battlesphe  Conj           72%        2d12      1%          5
 Fulminant Prism          Conj/Hex       25%        3d14      3%          4
 Fireball                 Conj/Fire      25%        3d11      9%          5
 Summon Ice Beast         Ice/Summ       14%        N/A       45%         4
 Anguish                  Hex/Necr       5%         N/A       61%         4
 Summon Forest            Summ/Tloc      7%         N/A       80%         5
 Summon Mana Viper        Hex/Summ       14%        N/A       80%         5
 Spellforged Servitor     Conj/Summ      27%        N/A       87%         7
 Alistair's Intoxication  Tmut/Pois      6%         N/A       91%         5
 Lee's Rapid Deconstruct  Erth           5%         3d7*      91%         5
 Metabolic Englaciation   Hex/Ice        5%         N/A       91%         5
 Summon Cactus Giant      Summ           8%         N/A       99%         6
 Eringya's Noxious Bog    Tmut/Pois      5%         N/A       100%        6
 Simulacrum               Ice/Necr       5%         N/A       100%        6
 Malign Gateway           Summ/Tloc      7%         N/A       100%        7
 Ozocubu's Refrigeration  Ice            5%         4d8       100%        7
 Summon Hydra             Summ           8%         N/A       100%        7
 Ignition                 Fire           5%         3d4       100%        8
 Maxwell's Capacitive Co  Air            12%        ∞         100%        8
 Summon Horrible Things   Summ           8%         N/A       100%        8


Dungeon Overview and Level Annotations

Branches:
Dungeon (15/15)            Temple (0/1) D:7            Lair (4/5) D:9
  Swamp (1/4) Lair:3       Spider (0/4) Lair:3          Orc (2/2) D:10
    Elf (0/3) Orc:2        Vaults (0/5) D:14        Gauntlet (visited)
  Slime: Lair:4-5    Depths: D:15

Altars:
Dithmenos
Elyvilon
Fedhas
Kikubaaqudgha
Nemelex Xobeh
Okawaru
Qazlal
Ru
Sif Muna
Uskayaw
Wu Jian
Xom
Yredelemnul
Zin
The Shining One

Shops:
D:2 ([   D:4 =   D:8 :   D:12 (   D:13 [   Orc:2 **([

Annotations:
D:9 3 runed translucent doors, kae's ghost, novice DgFE
D:13 7 runed translucent doors
Lair:4 Josephine


Innate Abilities, Weirdness & Mutations

You have a beak for a mouth.
You have claws for feet.
Your magical nature lets you fly swiftly and evasively.


Message History

Press: ? - help, Shift-Dir - straight line, f/p - death knight
Aim: a death knight, wielding a +4 halberd and wearing a +0 chain mail (moderately wounded, ally target)
You feel a surge of power!
Casting: Orb of Destruction (dangerous; 12% risk of failure)
Confirm with . or Enter, or press ? or * to list all spells.
Aiming: Orb of Destruction (dangerous; 12% risk of failure)
Press: ? - help, Shift-Dir - straight line, f/p - death knight
Aim: a death knight, wielding a +4 halberd and wearing a +0 chain mail (moderately wounded, ally target)
You feel a surge of power!
You miscast Orb of Destruction.
You are very lightly contaminated with residual magic.
Strange energies run through your body!
The orb of destruction hits the death knight!!!
The death knight is almost dead.
Aiming: Mindburst
Press: ? - help, Shift-Dir - straight line, f/p - death knight
Aim: a death knight, wielding a +4 halberd and wearing a +0 chain mail (almost dead, ally target, chance to affect: 16%)
The death knight resists with almost no effort.
Okay, then.
Unknown command.
As you read the scroll of teleportation, it crumbles to dust.
You feel strangely unstable. The death knight barely misses you.
The death knight hits you from afar with a +4 halberd!!
* * * LOW HITPOINT WARNING * * *
Your surroundings suddenly seem different. 6 orcs, a tengu conjurer and a tengu warrior come into view.
The orc warrior shouts!
The tengu conjurer shouts!
The tengu warrior shouts!
The orc priest shouts!
The orc shouts!
The orc warrior shouts!
The orc shouts!
The orc knight shouts!
The orc completely misses you.
Okay, then.
As you read the scroll of teleportation, it crumbles to dust.
You feel strangely unstable. The orc warrior misses you.
You block the tengu warrior's attack. The tengu warrior closely misses you.
The tengu warrior claws you but does no damage.
Okay, then.
As you read the scroll of summoning, it crumbles to dust.
Wisps of shadow whirl around you...
The orc priest calls down the wrath of Beogh upon you.
Beogh smites you!
You die...

#########
#@ol.....
#DQQ.....
#ooo.....
#o.......
#o.......
#########


You could see an orc knight (ally target), a tengu warrior, a tengu conjurer, 2
orc warriors, an orc priest, 2 orcs, a friendly eight-headed hydra (summoned)
and a friendly basilisk (summoned, wandering).

Vanquished Creatures
  2 orc warlords (Orc:1)
  Nessos (D:14)
  A bunyip (Swamp:1)
  An eleionoma (Swamp:1)
  A minotaur (Gauntlet)
  An ettin (Orc:2)
  4 vault guards (D:14)
  7 hydras
  5 centaur warriors
  A ghost crab (Lair:3)
  2 boulder beetles
  2 catoblepae
  4 death yaks (Lair:3)
  8 two-headed ogres
  4 tengu warriors
  An orc high priest (Orc:2)
  Nergalle (Lair:3)
  A fire crab (shapeshifter) (D:14)
  A skeletal warrior (D:13)
  Lodul (D:14)
  A fire crab (Gauntlet)
  An orb spider (Lair:3)
  Pikel (D:7)
  3 deep elf pyromancers
  2 orc knights
  9 ugly things
  9 orc sorcerers
  9 cyclopes
  5 manticores
  3 black mambas
  11 elephants
  An apocalypse crab (Gauntlet)
  Joseph (D:8)
  2 guardian serpents (shapeshifter)
  Maggie (D:8)
  Maurice (D:8)
  2 gargoyles
  4 cane toads
  2 unseen horrors (D:13)
  7 kobold demonologists
  4 rime drakes
  3 komodo dragons
  A tengu conjurer (D:13)
  A queen bee (D:8)
  6 trolls
  2 polar bears
  A hornet (D:9)
  18 slime creatures
  14 dream sheep
  11 blink frogs
  A shadow (D:11)
  2 wyverns
  7 humans (D:14)
  7 wraiths
  5 fire bats (Gauntlet)
  A human (shapeshifter) (D:14)
  8 yaks
  A steam dragon (D:9)
  11 vampire mosquitoes
  7 wargs
  2 swamp worms
  3 acid dragons
  9 water moccasins
  3 hell hounds (Gauntlet)
  3 sky beasts
  27 orc warriors
  A black bear (D:4)
  An ice beast (D:5)
  10 ogres
  A wolf (shapeshifter) (D:13)
  11 centaurs
  14 wolves
  A phantom (D:6)
  6 kobold brigands
  A gnoll sergeant (D:9)
  10 bullfrogs
  2 scorpions
  A necrophage (D:6)
  13 wights
  14 killer bees
  3 nameless horrors (D:10)
  3 jellies
  5 hounds
  12 orc priests
  A gnoll bouda (D:6)
  Jessica (D:2)
  3 iguanas
  36 orc wizards
  11 gnolls
  6 adders
  A shadow imp (D:6)
  2 white imps
  An ufetubus (D:6)
  A worm (D:2)
  2 dart slugs
  102 orcs
  2 ball pythons (D:1)
  4 endoplasms
  A giant cockroach (D:1)
  5 goblins
  8 hobgoblins
  7 jackals
  3 quokkas
  5 bats
  5 frilled lizards
  17 kobolds
  A rat (D:3)
  A spectral orc (D:4)
617 creatures vanquished.

Vanquished Creatures (collateral kills)
  An ogre (Orc:2)
  A frilled lizard (D:2)
2 creatures vanquished.

Vanquished Creatures (others)
  A vault guard (D:14)
  A boulder beetle (D:13)
  A deep elf pyromancer (D:13)
  An orc (Orc:1)
  A bush (Lair:2)
  23 fungi
  54 plants
  6 withered plants (D:15)
88 creatures vanquished.

Grand Total: 707 creatures vanquished

Notes
Turn   | Place    | Note
-------+----------+-------------------------------------------
     0 | D:1      | Lugonue the Tengu Fighter began the quest for the Orb.
     0 | D:1      | Reached XP level 1. HP: 14/14 MP: 2/2
    75 | D:1      | Found a faded altar of an unknown god.
    77 | D:1      | Noticed an eye of devastation
    78 | D:1      | Noticed an eye of devastation
    78 | D:1      | Noticed a floating eye
    78 | D:1      | Noticed an eye of devastation
   263 | D:1      | Reached XP level 2. HP: 15/19 MP: 3/3
   756 | D:1      | Reached XP level 3. HP: 23/23 MP: 4/4
   964 | D:2      | Found Mehowule's Antique Armour Emporium.
  1167 | D:2      | Found a sparkling altar of Nemelex Xobeh.
  1168 | D:2      | Noticed Jessica
  1174 | D:2      | Killed Jessica
  1175 | D:2      | Reached XP level 4. HP: 26/29 MP: 5/5
  1386 | D:2      | Found Ecriseg's Antique Weapon Emporium.
  1746 | D:3      | Noticed an ogre
  1804 | D:3      | Learned a level 1 spell: Slow
  1825 | D:3      | Killed an ogre
  1826 | D:3      | Gained mutation: Your magical nature lets you fly swiftly
                  | and evasively. [Tengu growth]
  1826 | D:3      | Reached XP level 5. HP: 13/33 MP: 6/6
  2205 | D:3      | Reached skill level 1 in Dodging
  2222 | D:3      | Found a shimmering blue altar of Sif Muna.
  2349 | D:3      | Found an ornate altar of the Wu Jian Council.
  2382 | D:3      | Found a white marble altar of Elyvilon.
  2598 | D:3      | Reached XP level 6. HP: 29/38 MP: 7/7
  2800 | D:4      | Found Woforeawn's Jewellery Emporium.
  3007 | D:4      | Noticed a black bear
  3017 | D:4      | Killed a black bear
  3353 | D:4      | Found an iron altar of Okawaru.
  3353 | D:4      | Found a glowing golden altar of the Shining One.
  3358 | D:4      | Found a glowing silver altar of Zin.
  3360 | D:4      | Found a faded altar of an unknown god.
  3362 | D:4      | Found a faded altar of an unknown god.
  3509 | D:4      | Found a basalt altar of Yredelemnul.
  3702 | D:3      | Became a worshipper of Sif Muna the Loreminder
  3778 | D:4      | Learned a level 3 spell: Call Canine Familiar
  3823 | D:5      | Entered Level 5 of the Dungeon
  3823 | D:5      | Noticed an ice beast
  3831 | D:5      | Killed an ice beast
  3832 | D:5      | Reached skill level 5 in Long Blades
  3832 | D:5      | Reached skill level 5 in Armour
  3832 | D:5      | Reached XP level 7. HP: 35/44 MP: 8/8
  5098 | D:6      | Reached skill level 5 in Fighting
  5110 | D:6      | Reached XP level 8. HP: 26/49 MP: 9/9
  5271 | D:6      | Reached * piety under Sif Muna
  6018 | D:7      | Found a staircase to the Ecumenical Temple.
  6299 | D:7      | Reached XP level 9. HP: 49/55 MP: 10/10
  6387 | D:7      | Noticed a two-headed ogre
  6396 | D:7      | Killed a two-headed ogre
  6396 | D:7      | Reached ** piety under Sif Muna
  6397 | D:7      | Reached skill level 5 in Shields
  6816 | D:8      | Noticed Pikel
  6865 | D:7      | Killed Pikel
  6972 | D:8      | Found a blossoming altar of Fedhas.
  6973 | D:8      | Found a stormy altar of Qazlal.
  7000 | D:8      | Noticed a two-headed ogre
  7015 | D:8      | Killed a two-headed ogre
  7016 | D:8      | Reached skill level 10 in Long Blades
  7016 | D:8      | Reached XP level 10. HP: 42/63 MP: 11/11
  7155 | D:8      | Noticed Maggie
  7165 | D:8      | Killed Maggie
  7489 | D:8      | Identified the +1 pair of gloves of an ice cave {rCorr
                  | Int+2 Dex-4}
  7531 | D:8      | Found Motzol's Book Shoppe.
  7550 | D:8      | Bought a book of Blasting for 440 gold pieces
  7570 | D:8      | Noticed Joseph
  7580 | D:8      | Learned a level 4 spell: Iskenderun's Mystic Blast
  7606 | D:8      | Killed Joseph
  7750 | D:8      | Reached skill level 5 in Dodging
  8059 | D:8      | Noticed Maurice
  8088 | D:8      | Killed Maurice
  8605 | D:9      | Found a staircase to the Lair.
  8678 | D:9      | Paralysed by a hornet for 3 turns
  9044 | D:9      | Found a sacrificial altar of Ru.
  9044 | D:9      | Found a hide-covered altar of Uskayaw.
  9090 | D:9      | Reached *** piety under Sif Muna
  9091 | D:9      | Reached XP level 11. HP: 62/69 MP: 12/12
  9148 | D:9      | Found a runed translucent gate.
  9148 | D:9      | Found a runed translucent gate.
  9148 | D:9      | Found a runed translucent gate.
  9252 | D:9      | Noticed a two-headed ogre
  9261 | D:9      | Killed a two-headed ogre
  9601 | D:9      | Noticed a two-headed ogre
  9610 | D:9      | Killed a two-headed ogre
  9614 | D:9      | Noticed kae's ghost (novice DgFE)
  9682 | D:9      | Noticed a deep elf pyromancer
  9764 | D:9      | Killed a deep elf pyromancer
  9855 | D:9      | Found an ancient bone altar of Kikubaaqudgha.
  9873 | D:9      | Noticed a two-headed ogre
  9879 | D:9      | Killed a two-headed ogre
 10204 | Lair:1   | Entered Level 1 of the Lair of Beasts
 10319 | Lair:1   | Reached skill level 10 in Fighting
 10337 | Lair:1   | Reached skill level 10 in Dodging
 11304 | Lair:2   | Reached skill level 1 in Spellcasting
 11592 | Lair:2   | Reached XP level 12. HP: 73/78 MP: 17/17
 11871 | Lair:2   | Reached **** piety under Sif Muna
 11872 | Lair:2   | Reached skill level 5 in Spellcasting
 12671 | Lair:3   | Found a hole to the Spider Nest.
 13086 | Lair:3   | Learned a level 4 spell: Sticky Flame
 13100 | Lair:3   | Noticed Nergalle
 13139 | Lair:3   | Killed Nergalle
 13207 | Lair:3   | Found a staircase to the Swamp.
 13905 | Lair:3   | Noticed a death yak
 13906 | Lair:3   | Noticed a death yak
 13906 | Lair:3   | Noticed a death yak
 13918 | Lair:3   | Noticed a death yak
 14194 | Lair:3   | Killed a death yak
 14225 | Lair:3   | Killed a death yak
 14229 | Lair:3   | Killed a death yak
 14230 | Lair:3   | Reached XP level 13. HP: 73/83 MP: 27/27
 14239 | Lair:3   | Reached skill level 10 in Spellcasting
 14508 | Lair:4   | Noticed Josephine
 14538 | Lair:3   | Learned a level 7 spell: Orb of Destruction
 14639 | Lair:3   | Reached skill level 1 in Conjurations
 14734 | Lair:3   | Reached ***** piety under Sif Muna
 14735 | Lair:3   | Reached skill level 2 in Conjurations
 14756 | Lair:3   | Reached skill level 3 in Conjurations
 14769 | Swamp:1  | Entered Level 1 of the Swamp
 14774 | Swamp:1  | Noticed an eleionoma
 14786 | Swamp:1  | Killed an eleionoma
 14812 | Lair:3   | Reached skill level 4 in Conjurations
 14972 | Swamp:1  | Noticed a bunyip
 15001 | Swamp:1  | Killed a bunyip
 16092 | Lair:4   | Reached skill level 5 in Conjurations
 16686 | Lair:4   | Reached skill level 6 in Conjurations
 16809 | Lair:4   | Received a gift from Sif Muna
 16812 | Lair:4   | Got Sif Muna's Folio of Frostbitten Confrontation {god
                  | gift}
 16817 | Lair:4   | Learned a level 3 spell: Mephitic Cloud
 17212 | D:10     | Entered Level 10 of the Dungeon
 17826 | D:10     | Found a staircase to the Orcish Mines.
 17936 | D:10     | Got the Octavo of the Boreal Figure
 17997 | D:10     | Found a shimmering altar of Xom.
 18905 | D:11     | Reached skill level 7 in Conjurations
 19119 | D:12     | Found a gate leading to a gauntlet.
 19123 | Gauntlet | Entered a Gauntlet
 19123 | Gauntlet | Found a transporter.
 19126 | Gauntlet | Found a transporter.
 19127 | Gauntlet | Found the ring of the Hare {EV+8}
 19172 | Gauntlet | Reached XP level 14. HP: 67/92 MP: 28/30
 19188 | Gauntlet | Found a transporter.
 19190 | Gauntlet | Found a transporter.
 19205 | Gauntlet | HP: 1/92 [fire crab (15)]
 19243 | Gauntlet | Identified the +0 robe "Fothyssu" {rCorr}
 19625 | Gauntlet | Found a transporter.
 19653 | Gauntlet | Identified the +0 plate armour "Piafof" {Regen+}
 20182 | D:12     | Found Pitabuli's Weapon Boutique.
 20232 | D:12     | Reached skill level 8 in Conjurations
 20610 | D:12     | Reached skill level 11 in Conjurations
 20610 | D:12     | Reached XP level 15. HP: 97/97 MP: 28/32
 20785 | D:12     | Found a shadowy altar of Dithmenos.
 21162 | D:12     | Reached skill level 12 in Conjurations
 21570 | D:13     | Reached skill level 1 in Summonings
 21957 | D:13     | Identified the ring of Huprada {MP+9 Dex+4}
 22190 | Orc:1    | Entered Level 1 of the Orcish Mines
 22631 | Orc:1    | Noticed an orc warlord
 22680 | Orc:1    | Received a gift from Sif Muna
 22687 | Orc:1    | Killed an orc warlord
 22688 | Orc:1    | Reached skill level 13 in Conjurations
 22765 | Orc:1    | Noticed an orc warlord
 23022 | Orc:1    | Killed an orc warlord
 23523 | Orc:2    | Entered Level 2 of the Orcish Mines
 23696 | Orc:2    | Found a staircase to the Elven Halls.
 23727 | Orc:2    | Received a gift from Sif Muna
 23728 | Orc:2    | Got Ejuik's Guide on the Nimbus and Impurities {god gift}
 23752 | Orc:2    | Learned a level 5 spell: Lightning Bolt
 24027 | Orc:2    | Paralysed by an orc sorcerer for 4 turns
 24046 | Orc:2    | Reached skill level 1 in Invocations
 24633 | Orc:2    | Paralysed by an orc sorcerer for 4 turns
 24645 | Orc:2    | Reached skill level 1 in Air Magic
 24702 | Orc:2    | Found Caf Soa's Armour Boutique.
 24702 | Orc:2    | Found Zuhoecs's Weapon Shoppe.
 24708 | Orc:2    | Bought a +1 buckler of protection for 231 gold pieces
 24745 | Orc:2    | Reached XP level 16. HP: 104/104 MP: 24/34
 24826 | Orc:2    | Found Voxzadeg's General Store.
 24826 | Orc:2    | Found Heqacomoss's General Store.
 24831 | Orc:2    | Bought a potion of curing for 48 gold pieces
 24840 | Orc:2    | Bought a potion of resistance for 130 gold pieces
 24840 | Orc:2    | Bought a scroll of teleportation for 39 gold pieces
 24840 | Orc:2    | Bought a potion of haste for 130 gold pieces
 24840 | Orc:2    | Bought a potion of brilliance for 52 gold pieces
 25212 | D:13     | Found Wesote's Antique Armour Shop.
 25348 | D:13     | Reached skill level 14 in Conjurations
 25423 | D:13     | Found a large runed translucent door.
 25424 | D:13     | Found a large runed translucent door.
 25427 | D:13     | Found a large runed translucent door.
 25531 | D:13     | Received a gift from Sif Muna
 25560 | D:13     | Got Sif Muna's Secrets of Firn and Conflagration {god gift}
 25566 | D:13     | Learned a level 4 spell: Flame Wave
 25571 | D:13     | Learned a level 4 spell: Hailstorm
 25627 | D:13     | Found a large runed translucent door.
 25659 | D:13     | Found a large runed translucent door.
 26375 | D:13     | Found a large runed translucent door.
 26376 | D:13     | Noticed a tengu reaver
 26378 | D:13     | Found a large runed translucent door.
 26492 | D:14     | Noticed Nessos
 26523 | D:14     | Killed Nessos
 26811 | D:14     | Noticed Lodul
 26833 | D:14     | Killed Lodul
 26966 | D:14     | Found a gate to the Vaults.
 26972 | D:14     | Identified the +4 great mace of Triumph {elec, Str+5}
 27075 | D:14     | Reached skill level 15 in Conjurations
 28132 | D:15     | Entered Level 15 of the Dungeon
 28148 | D:15     | Learned a level 6 spell: Conjure Ball Lightning
 28476 | D:15     | Killed from afar by an orc priest

Illustrated notes

Levels and vault maps discovered:
D:1:      saegor_arrival_under_anarchy, layout_loops_ring,
          hellmonk_ecumenical_altar_watching_god
D:2:      layout_rooms, basic_altar, serial_shops, nicolae_shop_stone, shop,
          uniq_jessica
D:3:      layout_loops_cross, nicolae_overflow_hidden_temple,
          mainiacjoe_overflow_catch_the_wave, minmay_misc_feat_encased
D:4:      layout_loops_ring, chequers_temple_overflow_minitemple,
          yredelemnul_forgotten_temple_becter, minivault_26,
          nicolae_take_the_stairs
D:5:      layout_layer_cave, kennysheep_generic_room_8
D:6:      layout_rooms, serial_bayou_lagoon_a
D:7:      layout_loops_ring, minmay_temple_entry_statues
D:8:      nicolae_BIG_FREAKIN_CUBE, layout_cave_pools,
          grunt_temple_overflow_forces_of_nature, serial_shops,
          nicolae_shop_waterfront, nicolae_looking_at_the_future, uniq_maggie,
          uniq_joseph, uniq_maurice, uniq_pikel
D:9:      layout_loops_corners, lemuel_crystal_altar,
          gammafunk_temple_overflow_statue, lair_entry_dummy,
          gammafunk_ghost_icy, minmay_bent
D:10:     layout_stronghold, marbit_many_paths, orc_0_dummy, roderic_lattice_a,
          nrook_mini_vaults, david_defended_altar_orc
D:11:     layout_roguey
D:12:     layout_roguey, gauntlet_entry_generic, serial_shops,
          nicolae_shop_bloodbath_and_beyond, nicolae_dithmenos_the_darkroom
D:13:     minmay_five_octagons, layout_loops_ring, serial_shops,
          nicolae_lakefront_shop, grunt_potential
D:14:     layout_loops_cross, ximxim_vaults_locker_room, uniq_nessos, uniq_lodul
D:15:     gammafunk_depths_entry_grave, layout_grid_maze, fedhas_altar_2
Lair:1:   layout_chaotic_city
Lair:2:   layout_regular_city
Lair:3:   layout_concentric_octagons, minmay_swamp_entry_worms,
          nicolae_spider_entry_orb_guardian, st_stairs_4, uniq_nergalle
Lair:4:   layout_gridlike, uniq_josephine
Swamp:1:  nicolae_swamp_ascending_descending, layout_basic_swamp,
          serial_swamp_ruin, evilmike_swamp_ruin_house_4,
          evilmike_swamp_ruin_house_1, evilmike_swamp_ruin_rubble_2,
          swamp_pool3, nicolae_swamp_alligator_family, uniq_roxanne,
          uniq_mlioglotl
Orc:1:    layout_caves, special_room [special_room_orc]
Orc:2:    st_orc_town, layout_caves, basic_altar

Skill      XL: |  1  2  3  4  5  6  7  8  9 10 11 12 13 14 15 16 |
---------------+-------------------------------------------------+-----
Armour         | 4 5 6 7 |  7.2
Fighting       | 4 5 6 7 8 10 12 13 | 13.0
Long Blades    | 3 5 6 7 10 | 10.5
Dodging        | 1 2 3 4 7 11 | 11.0
Shields        | 4 5 6 |  6.1
Spellcasting   | 2 9 11 12 13 14 | 14.5
Conjurations   | 7 11 13 15 | 15.5
Summonings     | 2 |  2.1
Invocations    | 1 3 |  3.1
Air Magic      | 1 4 |  4.7

Action                   |  1- 3 |  4- 6 |  7- 9 | 10-12 | 13-15 | 16-18 || total
-------------------------+-------+-------+-------+-------+-------+-------++-------
Melee: Long sword        |    58 |   105 |   230 |   707 |  1058 |     6 ||  2164
       Kick              |    11 |    20 |    55 |   278 |   436 |   136 ||   936
       Peck              |    12 |    16 |    38 |   159 |   270 |    98 ||   593
       Short sword       |       |       |       |       |    10 |       ||    10
       Scimitar          |       |       |       |       |       |   265 ||   265
Throw: Throwing net      |       |       |     1 |       |       |       ||     1
 Cast: Mephitic Cloud    |       |       |       |       |    80 |    16 ||    96
       Sticky Flame      |       |       |       |       |    57 |    30 ||    87
       Call Canine Famil |       |       |       |       |     9 |       ||     9
       Iskenderun's Myst |       |       |       |       |     2 |     1 ||     3
       Lightning Bolt    |       |       |       |       |     5 |    14 ||    19
       Slow              |       |       |       |       |     1 |     1 ||     2
       Orb of Destructio |       |       |       |       |       |    26 ||    26
       Hailstorm         |       |       |       |       |       |     1 ||     1
       Flame Wave        |       |       |       |       |       |     1 ||     1
Invok: Channel Magic     |       |       |       |       |       |     1 ||     1
Evoke: Wand              |       |     4 |     8 |    44 |    22 |     1 ||    79
       Lightning rod     |       |       |       |     1 |     3 |       ||     4
  Use: Scroll            |     6 |     1 |     4 |    11 |    21 |     4 ||    47
       Potion            |       |     1 |     1 |     1 |    14 |       ||    17
 Stab: Paralysed         |       |       |       |     6 |     1 |       ||     7
       Invisible         |       |       |       |     1 |     5 |       ||     6
       Sleeping          |       |       |       |     1 |     1 |     1 ||     3
       Confused          |       |       |       |       |    40 |    16 ||    56
       Distracted        |       |       |       |       |       |     1 ||     1
Armor: Scale mail        |    39 |    40 |    32 |     3 |       |       ||   114
       Steam dragon scal |       |       |       |    82 |   191 |    48 ||   321
Dodge: Dodged            |    27 |    57 |   142 |   497 |   972 |   185 ||  1880
Block: Buckler           |    17 |    31 |   104 |   438 |   720 |   145 ||  1455
       Reflection        |       |       |     6 |     7 |    23 |    20 ||    56

Table legend: (Time is in decaauts)
 A = Elapsed time spent in this place.
 B = Non-inter-level travel time spent in this place.
 C = Inter-level travel time spent in this place.
 D = Time resting spent in this place.
 E = Time spent auto-exploring this place.
 F = Levels seen in this place.
 G = Mean time per level.
                   A        B        C        D        E       F      G
               +--------+--------+--------+--------+--------+-----+--------+
         Total |  27055 |  25795 |   1260 |   2766 |  16822 |  23 | 1176.3 |
       Dungeon |  17876 |  16940 |    936 |   1092 |  12021 |  15 | 1191.7 |
          Lair |   6424 |   6167 |    257 |   1067 |   3773 |   4 | 1606.0 |
         Swamp |    215 |    215 |      0 |      0 |    128 |   1 |  215.0 |
  Orcish Mines |   2011 |   1944 |     67 |    269 |    898 |   2 | 1005.5 |
      Gauntlet |    527 |    527 |      0 |    337 |      0 |   1 |  527.0 |
               +--------+--------+--------+--------+--------+-----+--------+

Top non-repeatable levels by time:
  Lair:3: 3088 daAuts
    D:12: 2027 daAuts
    D:10: 1786 daAuts
    D:14: 1613 daAuts
     D:8: 1582 daAuts
     D:9: 1529 daAuts
    D:13: 1376 daAuts
   Orc:2: 1332 daAuts
  Lair:2: 1219 daAuts
     D:5: 1167 daAuts
     D:4: 1118 daAuts
  Lair:4: 1076 daAuts
  Lair:1: 1039 daAuts
    D:11: 975 daAuts
     D:7: 947 daAuts
